 Dungeon Sprint DCSS version 0.17-a0-1382-gc46a074 (webtiles) character file.

919 Kidiri the Covert (level 7, -6/37 HPs)
             Began as a Spriggan Enchanter on June 15, 2015.
             Mangled by a flying skull (14 damage)
             ... in the Dungeon (Sprint II: "The Violet Keep of Menkaure").
             The game lasted 00:04:01 (763 turns).

Kidiri the Covert (Spriggan Enchanter)               Turns: 763, Time: 00:04:01

Health: -6/37      AC:  3    Str:  4    XL:     7   Next: 83%
Magic:  3/20       EV: 27    Int: 17    God:
Gold:   972        SH:  0    Dex: 18    Spells: 5 memorised, 12 levels left

rFire  . . .     SeeInvis +     a - +1 dagger
rCold  . . .     Clarity  .     b - +1 robe
rNeg   . . .     SustAt   .     (shield restricted)
rPois  .         Gourm    .     (helmet restricted)
rElec  .         Spirit   .     (no cloak)
rCorr  .         Warding  .     (gloves unavailable)
rMut   .         NoTele   +     (boots unavailable)
MR     +....                    (no amulet)
Stlth  ++++++....               (no ring)
                                (no ring)

@: lethally poisoned (-6 -> -24), very quick, somewhat resistant to hostile
enchantments, very stealthy
A: unfitting armour, see invisible, herbivore 3, speed 3, slow metabolism 2
a: no special abilities


You were in the Dungeon.
You were not hungry.

You visited 1 branch You collected 972 gold pieces.

Inventory:

Hand weapons
 a - a +1 dagger (weapon)
Armour
 b - a +1 robe (worn)
Scrolls
 j - a scroll of blinking
Potions
 e - a potion of curing
 f - a potion of heal wounds
 g - a potion of haste
 h - a potion of magic
 i - a potion of berserk rage
Books
 c - a book of Maledictions

   Spells                             Type                      Level
   a - Corona                         Hexes                        1
   b - Ensorcelled Hibernation        Hexes/Ice                    2
   c - Confuse                        Hexes                        3
   d - Tukima's Dance                 Hexes                        3
   e - Dazzling Spray                 Conjuration/Hexes            3
Comestibles
 d - a bread ration


   Skills:
 + Level 4.1 Fighting
 * Level 8.1 Short Blades
 * Level 10.7 Dodging
 * Level 11.8 Stealth
 * Level 9.3 Spellcasting
 + Level 2.5 Conjurations
 + Level 7.3 Hexes
 + Level 2.7 Ice Magic


You had 12 spell levels left.
You knew the following spells:

 Your Spells              Type           Power        Failure   Level  Hunger
a - Corona                Hex            ####...      1%          1    None
b - Ensorcelled Hibernat  Hex/Ice        ####..       1%          2    None
c - Confuse               Hex            ####....     1%          3    None
d - Tukima's Dance        Hex            ####....     1%          3    None
e - Dazzling Spray        Conj/Hex       ###.....     4%          3    None


Dungeon Overview and Level Annotations

Branches:
Dungeon (1/1)

Altars:

Shops:
D =(!*?(:[

Annotations:
D Kirke


Innate Abilities, Weirdness & Mutations

You are tiny and cannot use many weapons and most armour.
You have supernaturally acute eyesight.
You are a herbivore.
You cover ground extremely quickly.
You need consume almost no food.


Message History

You hit the skeletal warrior but do no damage.
A kobold demonologist opens the gate.
You hit the skeletal warrior.
The skeletal warrior is lightly damaged.
You are engulfed in dark miasma.
You are lethally poisoned!
You feel sick.
The skeletal warrior completely misses you.
The kobold demonologist is engulfed in dark miasma.
The kobold demonologist is poisoned.
Unknown command.
The flying skull completely misses you. x3
The flying skull closely misses you. The flying skull hits you.
* * * LOW HITPOINT WARNING * * *
There is an open gate here.
Unknown command.
You hit the flying skull but do no damage.
* * * LOW HITPOINT WARNING * * *
You feel sick. The flying skull hits you!
You die... ####+#### ##§§.§§§§## ##§§§§§§§§§## # +.§§§z§§§§..# c@## #.§.zzz§§.# ...≈ #zzzzz..#

####≈≈#zz@#+++##
######≈≈≈@Kz§z....#
.....#≈≈≈≈4##'##..#
∩....#≈≈≈≈##...##.# ##
.∩...#≈≈≈≈#.)#..# .#
∩.∩..#≈≈####...#### .##
.∩.⌠.#≈##.###'###.##..#
∩.∩..#≈#...##.##.#.#..#
..+≈+##.+.<.+###+..#


You could see Kirke, a skeletal warrior, a hellwing, a kobold demonologist and
12 flying skulls.

Vanquished Creatures
  A siren (D)
  2 hippogriffs (D)
  A crocodile (D)
  4 brain worms (D)
  3 worms (D)
11 creatures vanquished.

Notes
Turn   | Place    | Note
--------------------------------------------------------------
     0 | D        | Kidiri the Spriggan Enchanter began the quest for the Orb.
     0 | D        | Reached XP level 1. HP: 9/9 MP: 5/5
     8 | D        | Noticed a brain worm
     8 | D        | Noticed a brain worm
     8 | D        | Noticed a brain worm
     8 | D        | Noticed a brain worm
    13 | D        | Killed a brain worm
    13 | D        | Reached skill level 1 in Fighting
    13 | D        | Reached skill level 5 in Dodging
    13 | D        | Reached skill level 6 in Stealth
    13 | D        | Reached skill level 5 in Spellcasting
    13 | D        | Reached XP level 2. HP: 6/15 MP: 6/9
    13 | D        | Reached XP level 3. HP: 7/18 MP: 6/10
    13 | D        | Reached XP level 4. HP: 8/23 MP: 7/12
    17 | D        | Killed a brain worm
    17 | D        | Reached skill level 8 in Stealth
    17 | D        | Reached skill level 5 in Hexes
    17 | D        | Reached XP level 5. HP: 9/26 MP: 7/14
    35 | D        | Killed a brain worm
    35 | D        | Reached skill level 5 in Short Blades
    35 | D        | Reached skill level 9 in Stealth
    42 | D        | Learned a level 2 spell: Ensorcelled Hibernation
    46 | D        | Learned a level 3 spell: Confuse
    50 | D        | Learned a level 3 spell: Tukima's Dance
    54 | D        | Learned a level 3 spell: Dazzling Spray
    66 | D        | Killed a brain worm
    66 | D        | Reached XP level 6. HP: 6/32 MP: 7/17
   299 | D        | Noticed a hippogriff
   299 | D        | Noticed a hippogriff
   348 | D        | Found Esaclob's Antique Armour Shop.
   348 | D        | Found Kawyupp's General Store.
   348 | D        | Found Senyirits's Distillery.
   348 | D        | Found Cutaob's Antique Weapon Boutique.
   348 | D        | Found Nexi's Book Boutique.
   348 | D        | Found Giatoas's Weapon Shop.
   348 | D        | Found Jeemif's Magic Scroll Shop.
   348 | D        | Found Fon Quof's Jewellery Boutique.
   369 | D        | Killed a hippogriff
   369 | D        | Reached skill level 10 in Stealth
   369 | D        | Reached skill level 1 in Conjurations
   369 | D        | Reached skill level 1 in Ice Magic
   381 | D        | Killed a hippogriff
   381 | D        | Reached XP level 7. HP: 28/36 MP: 12/19
   406 | D        | Noticed a kraken
   449 | D        | Noticed a siren
   483 | D        | Killed a siren
   483 | D        | Reached skill level 10 in Dodging
   483 | D        | Reached skill level 11 in Stealth
   732 | D        | Noticed a flying skull
   732 | D        | Noticed a flying skull
   732 | D        | Noticed a flying skull
   733 | D        | Noticed a flying skull
   734 | D        | Noticed a flying skull
   734 | D        | Noticed a flying skull
   734 | D        | Noticed a flying skull
   734 | D        | Noticed a flying skull
   734 | D        | Noticed a flying skull
   734 | D        | Noticed a flying skull
   734 | D        | Noticed a crocodile
   735 | D        | Noticed Kirke
   735 | D        | Noticed a skeletal warrior
   735 | D        | Noticed a kobold demonologist
   736 | D        | Killed a crocodile
   739 | D        | Noticed a centaur warrior
   745 | D        | Noticed a flying skull
   746 | D        | Noticed a flying skull
   759 | D        | Noticed a hellwing
   763 | D        | Mangled by a flying skull

Vault maps used:
D:        the_violet_keep_of_menkaure

Action                   |  1- 3 |  4- 6 |  7- 9 || total
-------------------------+-------+-------+-------++-------
Melee: Dagger            |     4 |    38 |    34 ||    76
 Cast: Ensorcelled Hiber |       |     6 |     8 ||    14
       Dazzling Spray    |       |       |     5 ||     5
       Confuse           |       |       |     3 ||     3
       Tukima's Dance    |       |       |     3 ||     3
       Corona            |       |       |     1 ||     1
  Use: Potion            |       |       |     1 ||     1
 Stab: Sleeping          |     2 |     5 |     1 ||     8
